 Dungeon Crawl Stone Soup version 0.29-a0-118-g06d03a830b (webtiles) character file.

Game seed: 8322826069160415545

3104 Ordine the Thaumaturge (level 9, 0/52 HPs)
             Began as a Deep Elf Conjurer on Feb 19, 2022.
             Was a Believer of Sif Muna.
             Slain by a death knight (20 damage)
             ... on level 7 of the Dungeon.
             The game lasted 00:27:30 (9790 turns).

Ordine the Thaumaturge (Deep Elf Conjurer)          Turns: 9790, Time: 00:27:30

Health: 0/52       AC:  7    Str:  4    XL:     9   Next: 59%
Magic:  4/23       EV: 15    Int: 28    God:    Sif Muna [**....]
Gold:   488        SH:  0    Dex: 13    Spells: 17/24 levels left

rFire   . . .      SeeInvis .   u - +4 dagger (venom)
rCold   . . .      Faith    .   F - orb {*channel}
rNeg    . . .      Spirit   .   a - +0 robe
rPois   .          Reflect  .   b - +0 helmet
rElec   .          Harm     .   r - +0 cloak
rCorr   .          Rampage  .   (no gloves)
Will    .....                   f - +2 pair of boots
Stlth   ++++......              (no amulet)
HPRegen 0.17/turn               (no ring)
MPRegen 0.18/turn               (no ring)

@: no status effects
A: no striking features
a: Renounce Religion, Channel Magic


You were on level 7 of the Dungeon.
You worshipped Sif Muna.
Sif Muna was pleased with you.
You visited 2 branches of the dungeon, and saw 9 of its levels.
You also visited: Sewer.

You collected 488 gold pieces.

Inventory:

Hand Weapons
 u - a +4 dagger of venom (weapon)
Armour
 a - a +0 robe (worn)
 b - a +0 helmet (worn)
 f - a +2 pair of boots (worn)
 r - a +0 cloak (worn)
 F - an orb of energy (worn)
Magical Staves
 l - a staff of fire
 v - a staff of poison
Wands
 m - a wand of mindburst (14)
 t - a wand of iceblast (11)
 B - a wand of charming (2)
 E - a wand of polymorph (6)
Scrolls
 c - a scroll of holy word
 h - a scroll of summoning
 k - a scroll of silence
 n - a scroll of fear
 o - 2 scrolls of magic mapping
 p - 2 scrolls of teleportation
 y - 2 scrolls of fog
 A - a scroll of torment
 C - a scroll of enchant armour {unknown}
 D - a scroll of brand weapon {unknown}
 G - 2 scrolls of vulnerability {unknown}
 H - a scroll of enchant weapon {unknown}
Potions
 d - 2 potions of might
 e - a potion of attraction
 g - 2 potions of lignification
 i - 6 potions of mutation
 j - a potion of curing
 q - 3 potions of invisibility
 s - a potion of haste {unknown}
 w - 2 potions of cancellation
 x - a potion of resistance {unknown}
 z - a potion of heal wounds {unknown}
 I - a potion of ambrosia {unknown}


   Skills:
 + Level 4.5 Fighting
 + Level 7.0 Dodging
 + Level 7.6 Stealth
 + Level 8.0 Spellcasting
 + Level 7.6 Conjurations
 + Level 5.1 Evocations


You had 17 spell levels left.
You knew the following spells:

 Your Spells              Type           Power      Damage    Failure   Level
a - Magic Dart            Conj           100%       1d8       1%          1
b - Searing Ray           Conj           100%       2d8       1%          2
c - Iskenderun's Mystic   Conj/Tloc      32%        2d8       10%         4

Your spell library contained the following spells:

 Spells                   Type           Power      Damage    Failure   Level
 Shock                    Conj/Air       100%       1d9       1%          1
 Dazzling Flash           Conj/Hex       64%        N/A       3%          3
 Fulminant Prism          Conj/Hex       16%        3d11      10%         4
 Swiftness                Air            11%        N/A       14%         3
 Airstrike                Air            5%         N/A       43%         4


Dungeon Overview and Level Annotations

Branches:
Dungeon (8/15)             Temple (1/1) D:5           Sewer (visited)
   Lair: D:8-11

Altars:
Ashenzari
Cheibriados
Elyvilon
Fedhas
Gozag
Hepliaklqana
Kikubaaqudgha
Makhleb
Nemelex Xobeh
Okawaru
Ru
Sif Muna
Trog
Uskayaw
Vehumet
Wu Jian
Xom
Zin
The Shining One

Shops:
D:2 [   D:4 !   D:5 ?   D:7 [((


Message History

The searing ray hits the death knight.
The death knight is lightly wounded.
The searing ray hits the death knight!
The death knight is moderately wounded.
The searing ray misses the death knight.
You finish channelling your searing ray.
The death knight hits you with a +3 battleaxe!!
Ouch! That really hurt!
Casting: Searing Ray (safe; 1% risk of failure)
Confirm with . or Enter, or press ? or * to list all spells.
You erupt in a blast of force!
The mystic blast hits the death knight.
The death knight is moderately wounded.
The death knight is knocked back by the mystic blast.
Casting: Iskenderun's Mystic Blast (dangerous; 10% risk of failure)
Confirm with . or Enter, or press ? or * to list all spells.
Aiming: Searing Ray (safe; 1% risk of failure)
Press: ? - help, Shift-Dir - straight line, f/p - death knight
Aim: a death knight, wielding a +3 battleaxe, wearing a +0 chain mail and wearing the ring of Hullaf {rC+ Will+ Str+2} (moderately wounded, 83% to hit)
The searing ray hits the death knight.
The death knight is moderately wounded. (Press . to maintain the ray.)
The searing ray hits the death knight but does no damage.
The death knight is moderately wounded.
The searing ray hits the death knight!
The death knight is heavily wounded.
An ice beast comes into view.
The death knight hits you with a +3 battleaxe!
The searing ray hits the death knight.
The death knight is heavily wounded.
You finish channelling your searing ray.
The death knight closely misses you.
Casting: Searing Ray (safe; 1% risk of failure)
Confirm with . or Enter, or press ? or * to list all spells.
You erupt in a blast of force!
The mystic blast hits the ice beast!
The ice beast is heavily wounded.
The ice beast is knocked back by the mystic blast.
The mystic blast hits the death knight but does no damage.
The death knight is heavily wounded.
The death knight hits you with a +3 battleaxe!!
You die...

........:....#....####.#
.............#.....###.#
.............#...#)....#
.............#...#######
.............#...#
.............#.[.#
.............#...#
.............#...#
.............#..@#
.............#..p#
.............#...#
.............#....
............∩#...#
................Y#
...........###...#
.............#...#
.........###.#


You could see a death knight and an ice beast.

Vanquished Creatures
  A cyclops (D:7)
  A troll (D:7)
  Sigmund (D:6)
  The ghost of wub the Magician, an amateur DEFE of Sif Muna (D:4)
  A vampire mosquito (D:7)
  Edmund (D:6)
  2 black bears
  A sky beast (D:7)
  3 ogres
  A bullfrog (D:7)
  2 scorpions (D:5)
  A killer bee (D:7)
  2 howler monkeys
  A crimson imp (D:6)
  A centaur zombie (D:7)
  6 hounds
  3 jellies
  Ijyb (D:4)
  2 centaur skeletons
  6 iguanas
  5 orc wizards
  Natasha (thrice) (D:2)
  3 hound skeletons
  7 gnolls
  6 adders
  3 river rats (Sewer)
  A white imp (D:5)
  3 worms
  5 dart slugs
  9 orcs
  6 bats (D:1)
  10 endoplasms
  8 giant cockroaches
  13 goblins
  6 hobgoblins
  6 jackals (D:2)
  7 kobolds
  7 quokkas
  8 ball pythons
  7 frilled lizards
  9 rats
170 creatures vanquished.

Vanquished Creatures (others)
  3 plants (D:5)
  2 withered plants (D:4)
5 creatures vanquished.

Grand Total: 175 creatures vanquished

Notes
Turn   | Place    | Note
-------+----------+-------------------------------------------
     0 | D:1      | Ordine the Deep Elf Conjurer began the quest for the Orb.
     0 | D:1      | Reached XP level 1. HP: 10/10 MP: 6/6
   230 | D:1      | Reached XP level 2. HP: 15/15 MP: 2/8
   233 | D:1      | Learned a level 2 spell: Searing Ray
   727 | D:1      | Reached XP level 3. HP: 20/20 MP: 6/9
  1073 | D:2      | Noticed Natasha
  1090 | D:2      | Reached skill level 1 in Fighting
  1221 | D:2      | Reached XP level 4. HP: 25/25 MP: 7/11
  1355 | D:2      | Killed Natasha
  1356 | D:2      | Reached skill level 4 in Spellcasting
  1455 | D:2      | Reached skill level 5 in Conjurations
  1455 | D:2      | Reached XP level 5. HP: 29/29 MP: 7/13
  1755 | D:2      | Noticed Natasha
  1760 | D:2      | Killed Natasha
  1999 | D:2      | Noticed Natasha
  2026 | D:2      | Killed Natasha
  2115 | D:2      | Found Saalecupn's Armour Shoppe.
  2710 | D:3      | Reached XP level 6. HP: 35/35 MP: 9/14
  2777 | D:3      | Found a white marble altar of Elyvilon.
  2830 | D:3      | Found a shimmering blue altar of Sif Muna.
  2843 | D:3      | Became a worshipper of Sif Muna the Loreminder
  3094 | D:3      | Found a faded altar of an unknown god.
  3178 | D:4      | Learned a level 4 spell: Iskenderun's Mystic Blast
  3325 | D:4      | Noticed Ijyb
  3333 | D:4      | Killed Ijyb
  3334 | D:4      | Reached skill level 1 in Evocations
  3603 | D:4      | Found a runed translucent door.
  3604 | D:4      | Noticed wub's ghost (amateur DEFE)
  3738 | D:4      | Found a glowing drain.
  3745 | Sewer    | Entered a sewer
  3864 | Sewer    | Reached * piety under Sif Muna
  4176 | Sewer    | Found a viscous altar of Jiyva.
  4323 | D:4      | Found Zusm's Distillery.
  4365 | D:4      | Reached skill level 5 in Spellcasting
  4433 | D:4      | Found an iron altar of Okawaru.
  4525 | D:5      | Entered Level 5 of the Dungeon
  4528 | D:5      | Found Naen Nosmunn's Magic Scroll Shoppe.
  4529 | D:5      | Found a hide-covered altar of Uskayaw.
  4569 | D:5      | Found a staircase to the Ecumenical Temple.
  4580 | D:5      | Reached XP level 7. HP: 38/40 MP: 7/16
  4586 | Temple   | Entered the Ecumenical Temple
  5012 | D:5      | Reached skill level 5 in Stealth
  5538 | D:5      | Found a snail-covered altar of Cheibriados.
  5655 | D:5      | Found a blossoming altar of Fedhas.
  5794 | D:5      | Reached skill level 5 in Dodging
  6193 | D:6      | Noticed Edmund
  6212 | D:6      | Found a radiant altar of Vehumet.
  6212 | D:6      | Found a burning altar of Makhleb.
  6350 | D:6      | Reached XP level 8. HP: 46/46 MP: 11/18
  6530 | D:6      | Reached ** piety under Sif Muna
  6626 | D:6      | Noticed Sigmund
  6778 | D:6      | Killed Sigmund
  6779 | D:6      | Reached skill level 6 in Spellcasting
  7145 | D:6      | You fall into a shaft and drop 2 floors!
  7161 | D:8      | Noticed a two-headed ogre
  7539 | D:7      | Found an ancient bone altar of Kikubaaqudgha.
  7618 | D:7      | Noticed a troll
  8145 | D:7      | Noticed a cyclops
  8161 | D:7      | Found Hamib's Armour Boutique.
  8206 | D:7      | Found a shimmering altar of Xom.
  8227 | D:7      | Killed a cyclops
  8228 | D:7      | Reached skill level 7 in Spellcasting
  8228 | D:7      | Reached XP level 9. HP: 23/52 MP: 1/21
  8391 | D:7      | Found Uvyep's Weapon Shop.
  8424 | D:7      | Killed a troll
  8674 | D:7      | Identified the ring of Hullaf {rC+ Will+ Str+2}
  8674 | D:7      | Noticed a death knight
  8910 | D:6      | Killed Edmund
  9472 | D:4      | Killed wub's ghost
  9473 | D:4      | Reached skill level 5 in Evocations
  9643 | D:7      | Found Uheg's Antique Weapon Shoppe.
  9660 | D:7      | Reached skill level 8 in Spellcasting
  9790 | D:7      | Slain by a death knight

Illustrated notes

Levels and vault maps discovered:
D:1:      denvon_arrival_waterhouse, layout_rooms
D:2:      layout_basic, serial_shops, nicolae_shop_trees, uniq_natasha
D:3:      layout_basic, elyvilon_altar_4, lemuel_doored_altar,
          shapermc_ecumenical_altar_hornbeckon, minmay_three_crescents
D:4:      layout_basic, okawaru_metal_pillars_1_2, gup_sewer_entry_pipe,
          serial_shops, nicolae_square_shop, gammafunk_ghost_grave, uniq_ijyb
D:5:      layout_cave_pods, mainiacjoe_overflow_24_doors, fedhas_altar_3,
          nicolae_overflow_hidden_temple, minmay_temple_entry_gardened_gates,
          skrybe_limestone_x, solitary_fountain, nicolae_inconvenience_store,
          serial_bayou_pond_b
D:6:      layout_loops_ring, grunt_temple_overflow_lords_of_destruction,
          serial_rivers, chequers_serial_rivers_room_a,
          chequers_serial_rivers_micro_b, chequers_serial_rivers_micro_b,
          chequers_serial_rivers_room_b, chequers_serial_rivers_marsh,
          dk_rats_in_the_wall, uniq_edmund, uniq_sigmund
D:7:      nzn_winding_woodlands_stair_cross [nzn_winding_woodlands_5x15_default,
          nzn_winding_woodlands_center_triple_pond,
          nzn_winding_woodlands_5x15_zeroes,
          nzn_winding_woodlands_5x5_open_star,
          nzn_winding_woodlands_5x5_closed_star,
          nzn_winding_woodlands_5x15_river_crossing,
          nzn_winding_woodlands_center_diamonds,
          nzn_winding_woodlands_5x15_pool], layout_basic,
          mainiacjoe_overflow_alcove_1, old_standard_altar, serial_shops, shop,
          shop, kennysheep_little_box
D:8:      layout_loops_corners, kennysheep_mini_moat
Temple:   nicolae_temple_figure_zero

Skill      XL: |  1  2  3  4  5  6  7  8  9 |
---------------+----------------------------+-----
Stealth        | 3 4 5 6 7 |  7.6
Dodging        | 3 4 5 6 7 |  7.0
Fighting       | 1 2 3 4 |  4.5
Spellcasting   | 4 5 7 8 |  8.0
Conjurations   | 5 6 7 |  7.6
Evocations     | 1 2 4 5 |  5.1

Action                   |  1- 3 |  4- 6 |  7- 9 || total
-------------------------+-------+-------+-------++-------
Melee: Unarmed           |    20 |       |       ||    20
       Punch             |     1 |       |       ||     1
       Dagger            |       |       |     6 ||     6
 Cast: Magic Dart        |    68 |   190 |   150 ||   408
       Searing Ray       |     2 |     8 |    35 ||    45
       Iskenderun's Myst |       |       |     2 ||     2
  Use: Scroll            |       |    11 |     5 ||    16
       Potion            |       |       |     3 ||     3
Armor: Robe              |    11 |    11 |    33 ||    55
Dodge: Dodged            |    20 |    19 |    86 ||   125

Table legend: (Time is in decaauts)
 A = Elapsed time spent in this place.
 B = Non-inter-level travel time spent in this place.
 C = Inter-level travel time spent in this place.
 D = Time resting spent in this place.
 E = Time spent auto-exploring this place.
 F = Levels seen in this place.
 G = Mean time per level.
                   A        B        C        D        E       F      G
               +--------+--------+--------+--------+--------+-----+--------+
         Total |   9846 |   9359 |    487 |    745 |   7300 |  10 |  984.6 |
       Dungeon |   9144 |   8666 |    478 |    745 |   6702 |   8 | 1143.0 |
        Temple |    175 |    166 |      9 |      0 |    165 |   1 |  175.0 |
         Sewer |    526 |    526 |      0 |      0 |    433 |   1 |  526.0 |
               +--------+--------+--------+--------+--------+-----+--------+

Top non-repeatable levels by time:
     D:6: 1719 daAuts
     D:5: 1487 daAuts
     D:7: 1360 daAuts
     D:2: 1172 daAuts
     D:1: 1077 daAuts
     D:4: 1007 daAuts
     D:3: 931 daAuts
   Sewer: 526 daAuts
     D:8: 388 daAuts
  Temple: 175 daAuts
